Map: Submarine LE

Players

TIME (Oliveira)

  • Race: Terran Terran
  • Spawn Location: 5:00

HeroMarine - Winner!

  • Race: Terran Terran
  • Spawn Location: 11:00

Event: DreamHack SC2 Masters 2020 Summer Season Finals

VOD

Have the link to the VOD?

Description

Time

  • Played on: July 16, 2020, noon
  • Length: 14:43

All games in this series

Show
View Real Time Build Order
Export as new Build Order

TIME Terran 

Build Orders: Reaper Expand 

Get SALT Encoding   

  12  0:01  SCV  
  13  0:13  SCV  
  14  0:17  Supply Depot  
  14  0:25  SCV  
  15  0:39  SCV  
  15  0:41  Barracks  
  16  0:43  Refinery  
  16  0:51  SCV  
  17  1:03  SCV  
  18  1:15  SCV  
  19  1:28  Reaper, Orbital Command  
  20  1:41  Command Center  
  20  1:51  Supply Depot  
  20  1:56  SCV  
  20  2:00  Marine  
  22  2:08  SCV  
  23  2:09  Factory  
  23  2:15  Refinery  
  23  2:20  SCV  
  23  2:21  Barracks Reactor  
  24  2:32  Barracks  
  24  2:34  SCV  
  25  2:46  SCV  
  26  2:52  Factory Tech Lab  
  26  2:53  Orbital Command  
  26  2:58  SCV, Marine x2  
  29  3:11  Cyclone  
  32  3:16  Marine  
  32  3:20  SCV, Barracks Tech Lab  
  32  3:22  SCV  
  34  3:32  SCV  
  35  3:34  SCV  
  35  3:35  Marine x2  
  38  3:43  Stimpack  
  38  3:44  SCV  
  38  3:46  Marine  
  40  3:49  SCV  
  40  3:51  Starport  
  40  3:52  Marine  
  40  3:54  Marine  
  39  3:56  SCV  
  39  3:57  Factory Reactor  
  39  4:01  SCV  
  41  4:07  Bunker  
  42  4:10  SCV, Marine  
  42  4:12  Supply Depot  
  42  4:16  Siege Tank  
  45  4:19  SCV  
  46  4:27  Supply Depot  
  46  4:33  Marine  
  46  4:34  Viking, SCV  
  47  4:41  Marine  
  47  4:44  SCV  
  49  4:48  Siege Tank  
  49  4:49  SCV, Marine  
  49  4:52  Supply Depot  
  54  5:01  Marine  
  54  5:03  SCV  
  54  5:04  Marine  
  54  5:05  Starport Reactor  
  56  5:07  SCV  
  56  5:08  Marine  
  58  5:14  Command Center  
  58  5:16  SCV  
  58  5:19  SCV, Marine  
  61  5:21  Supply Depot  
  61  5:25  Combat Shield  
  61  5:26  Marine  
  61  5:28  SCV  
  63  5:32  SCV, Refinery  
  63  5:33  Refinery  
  63  5:35  Marine  
  65  5:40  SCV  
  65  5:42  Medivac x2  
  68  5:45  Supply Depot, Marine  
  68  5:49  SCV, Marine  
  73  5:52  SCV  
  74  5:58  Barracks  
  74  6:01  SCV  
  75  6:05  Siege Tank  
  75  6:10  Supply Depot  
  75  6:22  Viking x2  
  79  6:26  SCV, Marine  
  81  6:36  SCV  
  81  6:37  Marine  
  81  6:39  Marine  
  77  6:40  Siege Tank  
  77  6:41  SCV  
  77  6:42  Orbital Command  
  77  6:43  Marine  
  77  6:47  Barracks Reactor, Engineering Bay  
  82  6:48  Engineering Bay  
  80  6:55  Medivac, Marine  
  80  6:57  SCV, Marine  
  80  6:59  SCV  
  84  7:03  Medivac  
  84  7:05  Orbital Command  
  87  7:09  SCV  
  87  7:11  Marine  
  87  7:13  SCV  
  87  7:15  Terran Infantry Weapons Level 1, Terran Infantry Armor Level 1  
  89  7:18  Marine x2  
  89  7:22  SCV  
  92  7:25  SCV  
  92  7:28  Marine  
  92  7:29  Marine  
  94  7:32  SCV  
  94  7:34  SCV  
  93  7:37  SCV  
  93  7:40  Marine  
  93  7:42  Marine x2  
  98  7:44  SCV  
  98  7:46  SCV, Marine  
  98  7:47  Supply Depot x2  
  98  7:50  Siege Tank  
  103  7:51  SCV  
  103  7:54  Marine  
  105  8:00  SCV  
  105  8:02  Barracks  
  105  8:03  SCV, Barracks  
  105  8:04  SCV, Supply Depot  
  108  8:05  Marine  
  108  8:09  Marine x2  
  108  8:12  SCV  
  112  8:16  SCV  
  113  8:20  SCV  
  113  8:21  Supply Depot, Marine  
  113  8:23  Medivac x2  
  113  8:24  SCV  
  120  8:27  Supply Depot  
  120  8:31  Siege Tank  
  120  8:32  Marine x2  
  120  8:33  SCV  
  115  8:48  Marine  
  115  8:49  SCV, Marine  
  115  8:51  Barracks Reactor  
  115  8:52  Barracks Reactor  
  115  8:53  SCV  
  115  8:54  SCV  
  116  8:56  Marine  
  116  8:59  Armory  
  116  9:01  SCV, Refinery x2  
  118  9:03  Marine  
  118  9:04  Sensor Tower  
  118  9:05  Marine  
  118  9:06  Marine  
  118  9:07  Viking, Siege Tank  
  126  9:10  Viking  
  126  9:13  Marine  
  126  9:14  Marine  
  122  9:25  Marine  
  122  9:26  Marine x2  
  122  9:28  SCV x2  
  127  9:31  Marine  
  127  9:34  Marine  
  127  9:36  Marine x3  
  132  9:38  Marine  
  132  9:40  Supply Depot  
  132  9:41  Supply Depot  
  132  9:44  Marine  
  134  9:46  Siege Tank  
  134  9:54  Command Center  
  134  9:56  Marine  
  134  9:59  Marine x5  
  134  10:00  Marine x2  
  134  10:02  Medivac  
  134  10:03  Medivac  
  134  10:04  Terran Infantry Armor Level 2, Terran Infantry Weapons Level 2  
  144  10:09  SCV  
  144  10:10  Marine  
  144  10:13  SCV  
  147  10:14  SCV, Marine  
  147  10:17  Marine  
  147  10:18  Marine  
  147  10:19  Marine x2  
  147  10:21  SCV  
  154  10:26  Marine  
  155  10:30  Marine, Siege Tank  
  155  10:31  Marine  
  155  10:33  SCV  
  161  10:42  Marine  
  158  10:44  Marine x2  
  158  10:46  Viking  
  158  10:47  Viking, Marine x2  
  158  10:48  Supply Depot  
  158  10:49  Marine, Factory  
  165  10:50  Missile Turret  
  165  10:56  Terran Vehicle Weapons Level 1, Supply Depot  
  165  11:01  Supply Depot  
  165  11:05  SCV, Missile Turret, Marine x3, Siege Tank  
  165  11:09  Planetary Fortress  
  172  11:15  Marine  
  170  11:26  Marine  
  170  11:30  Marine  
  170  11:32  Marine x3  
  175  11:35  Factory Tech Lab  
  175  11:37  Marine x2, Siege Tank  
  175  11:38  Command Center  
  179  11:40  Viking x2  
  179  11:41  Marine x2  
  182  11:50  Marine x3  
  182  11:56  Marine  
  181  12:06  Marine x2  
  130  12:09  Marine, Siege Tank  
  130  12:10  Marine  
  130  12:11  Marine x4  
  130  12:12  Siege Tank  
  130  12:13  Viking x2  
  130  12:14  Marine  
  126  12:24  Marine x2  
  126  12:27  Marine x2  
  126  12:29  Marine x2  
  132  12:32  Marine  
  132  12:34  Marine  
  128  12:46  Marine  
  128  12:50  Marine  
  111  12:51  Siege Tank  
  111  12:57  Liberator, Marine, Siege Tank  
  111  12:58  Marine  
  117  12:59  Medivac, Marine x2  
  117  13:04  Marine x2  
  122  13:11  Marine x2  
  121  13:13  SCV, Marine  
  121  13:15  Marine  
  121  13:17  Barracks  
  121  13:18  Marine x2  
  126  13:21  Marine, Barracks x2  
  126  13:22  Marine  
  126  13:23  Marine  
  126  13:25  SCV  
  130  13:27  Siege Tank  
  130  13:28  Marine  
  130  13:30  Marine  
  130  13:34  Marine  
  133  13:38  Marine x3  
  133  13:40  Viking, Siege Tank  
  142  13:42  Marine x2  
  142  13:48  Marine x2  
  143  13:50  Marine  
  143  13:52  Medivac  
  143  13:53  Marine  
  145  13:56  Marine  
  145  13:57  Marine x2  
  145  14:00  Marine  
  145  14:01  Marine  
  145  14:02  Siege Tank  
  153  14:06  Marine x2  
  147  14:17  Marine  
Show
View Real Time Build Order
Export as new Build Order

HeroMarine Terran - Winner!

Build Orders:  

Get SALT Encoding   

  12  0:00  SCV  
  13  0:13  SCV  
  14  0:17  Supply Depot  
  14  0:25  SCV  
  14  0:28  Refinery  
  15  0:38  SCV  
  16  0:44  Barracks  
  16  0:50  SCV  
  16  0:55  Refinery  
  17  1:03  SCV  
  18  1:15  SCV  
  19  1:31  Orbital Command  
  20  1:34  Barracks Reactor, Factory  
  19  1:44  Supply Depot  
  19  1:57  SCV  
  20  2:09  SCV  
  20  2:10  Reaper  
  20  2:11  Reaper  
  23  2:18  Hellion  
  23  2:21  SCV  
  25  2:33  SCV  
  26  2:39  Hellion  
  26  2:42  Reaper  
  26  2:43  Reaper  
  30  2:44  Command Center  
  30  2:47  SCV  
  31  2:53  Supply Depot  
  31  3:00  Starport  
  31  3:04  Factory Tech Lab  
  31  3:14  SCV  
  31  3:18  Marine x2  
  34  3:24  Cyclone  
  34  3:27  SCV  
  38  3:35  Refinery  
  38  3:39  SCV  
  38  3:48  Marine  
  39  3:55  Marine  
  39  3:56  SCV, Medivac, Cyclone  
  46  4:02  Orbital Command  
  46  4:08  SCV  
  46  4:09  Marine  
  48  4:13  Marine  
  48  4:15  Supply Depot  
  49  4:20  SCV  
  50  4:26  Starport Tech Lab  
  50  4:27  Marine  
  50  4:31  SCV, Marine  
  52  4:32  SCV  
  52  4:42  Siege Tank  
  52  4:43  SCV  
  52  4:44  SCV  
  57  4:52  Marine x2  
  56  4:55  Banshee  
  56  4:56  SCV  
  56  4:57  Supply Depot  
  56  4:59  SCV  
  57  5:08  SCV  
  57  5:11  SCV  
  57  5:12  Marine x2  
  61  5:17  Supply Depot  
  61  5:18  Siege Tank  
  61  5:20  SCV  
  65  5:23  SCV  
  66  5:32  SCV  
  66  5:35  SCV  
  68  5:43  Stimpack  
  68  5:47  Viking x2  
  74  5:50  Siege Tank  
  75  5:58  Command Center  
  75  6:00  SCV x2  
  77  6:13  SCV x2  
  77  6:17  Viking x2  
  83  6:24  Siege Tank  
  86  6:31  Engineering Bay  
  86  6:36  SCV x2, Marine  
  86  6:37  Engineering Bay  
  81  6:47  Refinery  
  81  6:48  SCV  
  81  6:52  SCV  
  81  6:53  Marine  
  84  6:55  Barracks  
  84  6:56  Barracks  
  84  6:58  Starport Reactor  
  84  6:59  Siege Tank  
  84  7:05  SCV x2  
  86  7:10  Orbital Command, Barracks  
  86  7:11  Barracks  
  86  7:16  Terran Infantry Armor Level 1  
  86  7:17  Marine  
  86  7:20  SCV  
  88  7:23  Combat Shield  
  88  7:28  SCV  
  89  7:31  Terran Infantry Weapons Level 1  
  89  7:32  SCV  
  90  7:40  SCV  
  91  7:44  SCV, Starport Reactor  
  91  7:45  Marine  
  91  7:46  Marine x2  
  91  7:49  SCV, Supply Depot  
  96  7:52  Marine x2  
  96  7:53  Siege Tank  
  96  7:54  SCV, Supply Depot  
  96  7:56  SCV  
  103  8:00  Barracks Reactor x2  
  103  8:01  SCV  
  103  8:03  Marine x2  
  103  8:04  Marine  
  107  8:07  Supply Depot  
  107  8:08  SCV  
  107  8:09  SCV  
  107  8:11  Marine  
  110  8:14  Supply Depot  
  110  8:16  Orbital Command, Marine  
  111  8:20  SCV  
  111  8:21  Marine x3  
  111  8:22  Medivac x2  
  119  8:27  SCV  
  119  8:30  Armory  
  119  8:32  SCV  
  121  8:37  Marine x2  
  121  8:41  SCV  
  124  8:42  Marine  
  124  8:43  Marine x2  
  124  8:44  SCV, Marine x2  
  124  8:47  SCV  
  121  8:50  Siege Tank  
  122  8:56  Medivac  
  122  8:57  Marine x3  
  122  8:59  Marine  
  122  9:00  Marine  
  122  9:01  Marine  
  131  9:04  Refinery  
  131  9:05  Marine x3  
  132  9:10  Refinery  
  132  9:15  Factory, Marine x3  
  135  9:17  Marine  
  135  9:22  Marine x2  
  135  9:24  Marine x3  
  126  9:25  Siege Tank  
  133  9:33  Marine x3  
  133  9:35  Supply Depot, Marine  
  133  9:38  Terran Infantry Weapons Level 2  
  133  9:40  Marine x2  
  133  9:41  Terran Infantry Armor Level 2  
  133  9:42  Marine x3  
  138  9:50  Marine  
  138  9:51  Marine x2  
  133  9:54  SCV x2  
  133  9:55  SCV  
  133  9:58  Marine x2  
  133  9:59  Marine  
  137  10:00  Marine x2  
  137  10:04  Siege Tank  
  140  10:08  Marine x2  
  140  10:11  Terran Vehicle Weapons Level 1  
  140  10:13  Supply Depot  
  141  10:15  Marine  
  141  10:16  Barracks Reactor  
  141  10:18  Sensor Tower  
  141  10:19  Marine x5  
  147  10:25  Siege Tank  
  147  10:26  Marine x2  
  149  10:32  Supply Depot  
  149  10:35  Medivac, Marine  
  152  10:36  Siege Tank  
  152  10:40  Marine x2  
  145  10:43  Viking  
  145  10:49  Marine x2  
  149  10:51  Marine x3  
  149  10:52  Marine x2  
  149  10:53  Marine  
  155  10:58  Marine x2  
  155  11:01  Supply Depot  
  157  11:05  Viking  
  157  11:07  Marine x2  
  157  11:09  Marine x2  
  162  11:13  Viking  
  162  11:15  Marine  
  165  11:19  Marine  
  165  11:21  Marine  
  165  11:22  Marine  
  163  11:26  Marine x2  
  163  11:32  Marine x4  
  166  11:33  Siege Tank x2  
  166  11:39  Marine  
  173  11:43  Marine x2  
  173  11:44  Supply Depot x2  
  173  11:55  Terran Infantry Weapons Level 3  
  173  11:59  Terran Infantry Armor Level 3, Marine x3  
  173  12:01  Medivac, Marine  
  173  12:03  Marine x3  
  173  12:04  Medivac, Marine x2  
  173  12:05  Marine  
  141  12:11  Siege Tank  
  135  12:17  Marine x3  
  135  12:19  Marine, Siege Tank  
  135  12:21  Marine x2  
  135  12:22  Marine x2  
  146  12:25  Marine  
  146  12:26  Marine  
  148  12:31  Viking  
  148  12:34  Marine x2  
  151  12:38  Marine x2  
  151  12:39  Marine x2  
  151  12:42  Marine x2  
  151  12:43  Marine x2, Siege Tank  
  141  12:52  Marine x2  
  141  12:54  Siege Tank  
  141  12:55  Marine  
  141  12:56  Marine  
  141  12:57  Marine x2  
  146  13:00  Marine x2  
  146  13:01  Marine  
  146  13:05  Marine  
  150  13:10  Marine  
  150  13:11  Marine  
  146  13:15  Marine x2, Siege Tank  
  146  13:16  Marine x2  
  153  13:23  Marine x2  
  153  13:26  Viking x2  
  159  13:37  Marine x3  
  159  13:38  Marine x2  
  159  13:40  Siege Tank  
  164  13:42  Sensor Tower  
  164  13:44  Marine x2  
  166  13:53  Siege Tank  
  169  13:56  Marine x2  
  169  13:57  Viking x2  
  169  14:01  Marine x2  
  177  14:04  Marine x2  
  177  14:06  Marine  
  177  14:07  Marine  
  177  14:08  Marine  
  176  14:16  Marine x3  
  174  14:19  Marine  
Tags
 
Add a new tag
Caveats
  • Supply blocks, unpowered buildings, or Contaminate may cause inaccurate times.
  • Supply counts are checked every 10 seconds.